 Dungeon Crawl Stone Soup version 0.28.0-43-g3370ac3207 (webtiles) character file.

Game seed: 16876286355785330594

146 Jerry the Cudgeller (level 5, -1/53 HPs)
             Began as a Troll Fighter on Mar 14, 2022.
             Was a High Priest of Ignis.
             Slain by an ogre
             ... wielding a +0 giant spiked club
              (30 damage)
             ... on level 4 of the Dungeon.
             The game lasted 00:08:43 (2234 turns).

Jerry the Cudgeller (Troll Fighter)                 Turns: 2234, Time: 00:08:44

Health: -1/53      AC:  4    Str: 24    XL:     5   Next: 7%
Magic:  4/4        EV:  8    Int:  6    God:    Ignis [*****.]
Gold:   152        SH:  7    Dex:  9    Spells: 4/4 levels left

rFire   + . .      SeeInvis .   a - +0 flail
rCold   . . .      Faith    .   c - +0 kite shield
rNeg    . . .      Spirit   .   b - +0 robe
rPois   .          Reflect  .   (helmet restricted)
rElec   .          Harm     .   (no cloak)
rCorr   .          Rampage  .   (gloves unavailable)
Will    .....                   (boots unavailable)
Stlth   +.........              f - amulet of the acrobat
HPRegen 0.97/turn               (no ring)
MPRegen 0.09/turn               (no ring)

@: no status effects
A: large, unfitting armour, claws 3, regeneration 1, shaggy fur 1, tough skin 1
a: Renounce Religion, Fiery Armour, Foxfire Swarm


You were on level 4 of the Dungeon.
You worshipped Ignis.
Ignis was extremely pleased with you.
You visited 1 branch of the dungeon, and saw 4 of its levels.

You collected 152 gold pieces.

Inventory:

Hand Weapons
 a - a +0 flail (weapon)
Missiles
 o - 5 large rocks (quivered)
Armour
 b - a +0 robe (worn)
 c - a +0 kite shield (worn)
Jewellery
 f - an amulet of the acrobat (around neck)
 j - an amulet of guardian spirit
Wands
 p - a wand of flame (17)
Scrolls
 e - a scroll of fear {unknown}
 h - a scroll of magic mapping {unknown}
 k - a scroll of identify {unknown}
 n - a scroll of blinking {unknown}
Potions
 d - a potion of might
 g - 2 potions of invisibility {unknown}
 i - a potion of flight {unknown}
 l - a potion of curing {unknown}
 m - 3 potions of attraction {unknown}


   Skills:
 + Level 3.0 Fighting
 * Level 3.2 Maces & Flails
 + Level 0.0 Throwing
 - Level 3.0 Dodging
 + Level 3.0 Shields


You had 4 spell levels left.
You didn't know any spells.
Your spell library contained the following spells:

 Spells                   Type           Power      Damage    Failure   Level
 Summon Forest            Summ/Tloc      0%         N/A       100%        5
 Summon Mana Viper        Hex/Summ       0%         N/A       100%        5
 Summon Cactus Giant      Summ           0%         N/A       100%        6


Dungeon Overview and Level Annotations

Branches:
Dungeon (4/15)
 Temple: D:4-7

Altars:
Ignis


Innate Abilities, Weirdness & Mutations

You are too large for most types of armour.
You have claws for hands.
Your natural rate of healing is unusually fast.
You are covered in fur. (AC +1)
You have tough skin. (AC +1)


Message History

Found a stone staircase leading down.
Done exploring.
Done exploring.
Search for what [Enter for "."]? .
Done exploring.
(D) Dungeon
Where to? (Enter - D:3, ? - help)
What level of the Dungeon? (default 1, ? - help)
There is a stone staircase leading down here.
You climb downwards.
The hobgoblin shouts!
Found a pink potion.
Found a stone staircase leading up.
There is a stone staircase leading up here.
A hobgoblin is nearby!
The hobgoblin completely misses you.
You thump the hobgoblin!
You kill the hobgoblin!
No target in view!
No target in view!
Found a stone staircase leading down.
m - 3 pink potions (gained 1)
Found a dagger.
An ogre comes into view. It is wielding a +0 giant spiked club.
The ogre moves out of view.
You barely miss the ogre.
The ogre hits you with a +0 giant spiked club!!
You closely miss the ogre. The ogre closely misses you.
You closely miss the ogre. The ogre barely misses you.
You barely miss the ogre. You block the ogre's attack.
You barely miss the ogre. You block the ogre's attack.
You barely miss the ogre.
The ogre hits you with a +0 giant spiked club!
You sock the ogre!
The ogre is heavily wounded.
You block the ogre's attack.
You barely miss the ogre.
The ogre is heavily wounded.
The ogre hits you with a +0 giant spiked club!!
Ouch! That really hurt!
You die...

........##....#
...........##.###
..######.#.##...#
..####..........#
..>.............##
..###.#..........#
......#.......##.# #
##............#..#.####
##...)#.........@O....#
#######....##...........
.# ####.####.#.###.##
.#### #.# #. .# #
....##.... #. ##
..<....... ## #.#.#.....
#......... .......# #


You could see an ogre.

Vanquished Creatures
  An iguana (D:3)
  Robin (D:2)
  5 adders
  A worm (D:3)
  3 bats
  2 endoplasms
  2 giant cockroaches (D:1)
  7 hobgoblins
  8 jackals
  A quokka (D:2)
  5 ball pythons
  3 frilled lizards
  11 goblins
  6 kobolds
  2 rats
58 creatures vanquished.

Notes
Turn   | Place    | Note
-------+----------+-------------------------------------------
     0 | D:1      | Jerry the Troll Fighter began the quest for the Orb.
     0 | D:1      | Reached XP level 1. HP: 22/22 MP: 0/0
    49 | D:1      | Reached XP level 2. HP: 29/29 MP: 1/1
  1009 | D:2      | Reached XP level 3. HP: 36/36 MP: 2/2
  1240 | D:2      | Noticed Robin
  1271 | D:2      | Reached XP level 4. HP: 21/44 MP: 3/3
  1279 | D:2      | Killed Robin
  1734 | D:3      | Found a faded altar of an unknown god.
  1746 | D:3      | Reached XP level 5. HP: 50/53 MP: 4/4
  1756 | D:3      | Prayed at the altar of an unknown god.
  1756 | D:3      | Became a worshipper of Ignis, the Dying Flame
  2225 | D:4      | Noticed an ogre
  2234 | D:4      | Slain by an ogre

Illustrated notes

Levels and vault maps discovered:
D:1:      amcnicky_arrival_choice, layout_loops_ring,
          nicolae_concentric_dashed_squares_mild, minmay_tetromino_i2
D:2:      layout_loops_ring, wander_ebering_terrifying_dragon_lair, uniq_robin
D:3:      minmay_door_path, layout_basic, ebering_ecumenical_altar_hall
D:4:      minmay_spotlight, layout_basic

Skill      XL: |  1  2  3  4 |
---------------+-------------+-----
Maces & Flails | 2 3 |  3.2
Fighting       | 3 |  3.0
Dodging        | 3 |  3.0
Shields        | 3 |  3.0

Action                   |  1- 3 |  4- 6 || total
-------------------------+-------+-------++-------
Melee: Flail             |   154 |    77 ||   231
Invok: Rising Flame      |       |     1 ||     1
 Stab: Sleeping          |     2 |       ||     2
Armor: Robe              |    78 |    21 ||    99
Dodge: Dodged            |    88 |    30 ||   118
Block: Kite shield       |    69 |    30 ||    99
